 Dungeon Crawl Stone Soup version 0.28.0-43-g3370ac3207 (webtiles) character file.

Game seed: 7763462594224669986

1455 mortz the Conjurer (level 9, -11/59 HPs)
             Began as a Human Conjurer on Mar 4, 2022.
             Was an Initiate of the Shining One.
             Mangled by a two-headed ogre
             ... wielding a +0 giant spiked club
              (21 damage)
             ... on level 6 of the Dungeon.
             The game lasted 00:42:16 (7074 turns).

mortz the Conjurer (Human Conjurer)                 Turns: 7074, Time: 00:42:17

Health: -11/59     AC: 13    Str:  8    XL:     9   Next: 5%
Magic:  2/17       EV: 14    Int: 23    God:    the Shining One [......]
Gold:   127        SH:  0    Dex: 11    Spells: 13/19 levels left

rFire   . . .      SeeInvis .   f - +0 falchion {long}
rCold   . . .      Faith    .   (no shield)
rNeg    . . .      Spirit   .   x - +4 ring mail of Pessimism {Slay+3}
rPois   .          Reflect  .   q - +2 helmet
rElec   .          Harm     .   (no cloak)
rCorr   .          Rampage  .   r - +0 pair of gloves
Will    +....                   (no boots)
Stlth   +.........              i - amulet of the acrobat
HPRegen 0.19/turn               l - +4 ring of evasion
MPRegen 0.15/turn               z - ring of willpower

@: very slightly contaminated, glowing
A: no striking features
a: Renounce Religion


You were on level 6 of the Dungeon.
You worshipped the Shining One.
The Shining One was noncommittal.
You visited 1 branch of the dungeon, and saw 6 of its levels.

You collected 289 gold pieces.
You spent 162 gold pieces at shops.


   Skills:
 + Level 1.0 Fighting
 + Level 1.1(1.6) Short Blades
 + Level 1.7(2.0) Long Blades
 + Level 3.0 Armour
 + Level 3.7 Dodging
 + Level 4.6 Stealth
 + Level 0.1 Unarmed Combat
 + Level 5.6 Spellcasting
 + Level 6.8 Conjurations


You had 13 spell levels left.
You knew the following spells:

 Your Spells              Type           Power      Damage    Failure   Level
a - Magic Dart            Conj           100%       1d8       1%          1
b - Searing Ray           Conj           76%        2d7       2%          2
c - Dazzling Flash        Conj/Hex       44%        N/A       19%         3

Your spell library contained the following spells:

 Spells                   Type           Power      Damage    Failure   Level
 Fulminant Prism          Conj/Hex       11%        3d9       52%         4
 Iskenderun's Mystic Bla  Conj/Tloc      22%        2d6       52%         4

Inventory:

Hand Weapons
 f - a +0 falchion (weapon) {long}
   (You took it off a hobgoblin on level 1 of the Dungeon)
 B - a +3 whip {mace}
   (You took it off a kobold on level 6 of the Dungeon)
Missiles
 a - 11 poisoned darts {throwing}
 c - 200 stones {throwing}
 A - a curare-tipped dart {=fthrowing}
Armour
 j - the +5 chain mail of Baldness {+Inv rN+ Regen+ rCorr}
   (You found it on level 5 of the Dungeon)

   rN:        It protects you from negative energy.
   +Inv:      It lets you turn invisible.
   Regen:     It increases your rate of health regeneration.
   rCorr:     It protects you from acid and corrosion.
 q - a +2 helmet (worn)
   (You found it on level 2 of the Dungeon)
 r - a +0 pair of gloves (worn)
   (You found it on level 2 of the Dungeon)
 t - a +2 leather armour of cold resistance
   (You bought it in a shop on level 2 of the Dungeon)
 x - the +4 ring mail of Pessimism (worn) {Slay+3}
   (You found it on level 5 of the Dungeon)

   Slay:      It affects your accuracy & damage with ranged weapons and melee
   (+3).
 y - a +0 troll leather armour
   (You found it on level 5 of the Dungeon)
Jewellery
 i - an amulet of the acrobat (around neck)
   (You found it on level 2 of the Dungeon)
 l - a +4 ring of evasion (left hand)
   (You found it on level 2 of the Dungeon)
 z - a ring of willpower (right hand)
   (You found it on level 5 of the Dungeon)
Wands
 b - a wand of paralysis (4)
   (You found it on level 5 of the Dungeon)
 v - a wand of polymorph (13)
   (You took it off Grinder on level 4 of the Dungeon)
 w - a wand of iceblast (12)
   (You found it on level 4 of the Dungeon)
Scrolls
 d - 3 scrolls of teleportation {@r4}
 e - a scroll of enchant weapon
 h - a scroll of holy word
 k - 3 scrolls of brand weapon
 m - a scroll of blinking {unknown}
 n - a scroll of torment {unknown}
 o - a scroll of enchant armour {unknown}
 p - a scroll of vulnerability {unknown}
Potions
 g - a potion of curing {@q1}
 s - a potion of cancellation {unknown}
 u - a potion of heal wounds {unknown}

Dungeon Overview and Level Annotations

Branches:
Dungeon (6/15)             Temple (0/1) D:5

Altars:
Yredelemnul
The Shining One

Shops:
D:2 *!(?

Annotations:
D:5 3 runed translucent doors, hawla's ghost, novice DECj

#.# ## ####### #<# #.
.....# #####)# #..
#.#.###...#.# #..
#.<.......#)##
#..###.#.###....).###
#......#.###....)....
#........##.......#.†
####@#####.......##..
#O# #........... #.##
#.......##.. #..#
##......##.. ##.#
##......#.. #.#
###.....## #.. ......
.... ....... .....


You could see a two-headed ogre.


Message History

c - 200 stones {throwing} (gained 4)
Things that are here:
a +0 dagger {short}; a kobold corpse
Found a stone staircase leading up.
There is a stone staircase leading up here.
You now have 127 gold pieces (gained 9).
A two-headed ogre comes into view.
It is wielding two +0 giant spiked clubs.
The two-headed ogre shouts in stereo!
Casting: Magic Dart (safe; 1% risk of failure)
Confirm with . or Enter, or press ? or * to list all spells.
Aiming: Searing Ray (safe; 2% risk of failure)
Press: ? - help, Shift-Dir - straight line, f - two-headed ogre
Aim: a two-headed ogre, wielding two +0 giant spiked clubs (91% to hit)
The searing ray hits the two-headed ogre. (Press . to maintain the ray.) 😎 MP[-2]
You lost 2 mp, and now have 15/17 mp.
The searing ray hits the two-headed ogre but does no damage. 😎 MP[-1]
You lost 1 mp, and now have 14/17 mp.
The searing ray misses the two-headed ogre.
The two-headed ogre completely misses you.
The two-headed ogre misses you. 😎 MP[-1]
You lost 1 mp, and now have 13/17 mp.
The searing ray hits the two-headed ogre.
You finish channelling your searing ray.
The two-headed ogre completely misses you.
The two-headed ogre misses you. 😎 MP[-1]
You lost 1 mp, and now have 12/17 mp.
Casting: Searing Ray (safe; 2% risk of failure)
Confirm with . or Enter, or press ? or * to list all spells.
Aiming: Searing Ray (safe; 2% risk of failure)
Press: ? - help, Shift-Dir - straight line, f/p - two-headed ogre
Aim: a two-headed ogre, wielding two +0 giant spiked clubs (lightly wounded, haloed, 93% to hit)
The searing ray hits the two-headed ogre. (Press . to maintain the ray.)
The two-headed ogre barely misses you.
The two-headed ogre closely misses you. 😎 MP[-2]
You lost 2 mp, and now have 10/17 mp.
The searing ray hits the two-headed ogre.
The two-headed ogre completely misses you.
The two-headed ogre hits you with a +0 giant spiked club. 😕 HP[-6] MP[-1]
You take 6 damage, and now have 53/59 hp.
You lost 1 mp, and now have 9/17 mp.
The searing ray hits the two-headed ogre. 😕 HP[+1]
The searing ray hits the two-headed ogre.
You finish channelling your searing ray.
The two-headed ogre completely misses you.
The two-headed ogre hits you with a +0 giant spiked club! 😮 HP[-11] MP[-1]
You take 11 damage, and now have 43/59 hp.
You lost 1 mp, and now have 8/17 mp.
Casting: Searing Ray (safe; 2% risk of failure)
Confirm with . or Enter, or press ? or * to list all spells.
Aiming: Searing Ray (safe; 2% risk of failure)
Press: ? - help, Shift-Dir - straight line, f/p - two-headed ogre
Aim: a two-headed ogre, wielding two +0 giant spiked clubs (moderately wounded, haloed, 93% to hit)
The searing ray hits the two-headed ogre. (Press . to maintain the ray.)
The two-headed ogre barely misses you.
The two-headed ogre hits you with a +0 giant spiked club! 😮 HP[-12] MP[-2]
You take 12 damage, and now have 31/59 hp.
MASSIVE DAMAGE!! (PAUSE)
You lost 2 mp, and now have 6/17 mp.
The searing ray hits the two-headed ogre!
The two-headed ogre misses you.
The two-headed ogre closely misses you. 😮 MP[-1]
You lost 1 mp, and now have 5/17 mp.
The searing ray hits the two-headed ogre! 😮 MP[-1]
You lost 1 mp, and now have 4/17 mp.
The searing ray hits the two-headed ogre!
You finish channelling your searing ray.
The two-headed ogre completely misses you. x2 😮 HP[+1] MP[-1]
You lost 1 mp, and now have 3/17 mp.
Casting: Searing Ray (safe; 2% risk of failure)
Confirm with . or Enter, or press ? or * to list all spells.
Aiming: Searing Ray (safe; 2% risk of failure)
Press: ? - help, Shift-Dir - straight line, f/p - two-headed ogre
Aim: a two-headed ogre, wielding two +0 giant spiked clubs (almost dead, haloed, 93% to hit)
You miscast Searing Ray.
You are very lightly contaminated with residual magic.
Nothing appears to happen.
The two-headed ogre hits you with a +0 giant spiked club!!
* * * LOW HITPOINT WARNING * * *
The two-headed ogre misses you. 😱 HP[-27] MP[-2]
You take 27 damage, and now have 5/59 hp.
MASSIVE DAMAGE!! (PAUSE)
You lost 2 mp, and now have 1/17 mp.
Okay, then.
You feel better. The two-headed ogre barely misses you.
The two-headed ogre hits you with a +0 giant spiked club!!
You die...

Skill      XL: |  1  2  3  4  5  6  7  8 |
---------------+-------------------------+-----
Conjurations   | 5 6 |  6.8
Short Blades   | 1 |  1.1
Stealth        | 3 4 |  4.6
Spellcasting   | 3 4 5 |  5.6
Long Blades    | 1 |  1.7
Armour         | 1 3 |  3.0
Dodging        | 3 |  3.7
Fighting       | 1 |  1.0
Unarmed Combat | |  0.1

Action                   |  1- 3 |  4- 6 |  7- 9 || total
-------------------------+-------+-------+-------++-------
Melee: Club              |     4 |       |       ||     4
       Unarmed           |     4 |       |       ||     4
       Dagger            |    16 |       |       ||    16
       Falchion          |     3 |     9 |       ||    12
 Cast: Magic Dart        |    43 |    43 |    37 ||   123
       Searing Ray       |     8 |    25 |    34 ||    67
  Use: Scroll            |       |     1 |     3 ||     4
       Potion            |       |       |     1 ||     1
 Stab: Sleeping          |       |     1 |       ||     1
Armor: Robe              |     8 |     4 |       ||    12
       Leather armour    |       |     1 |     2 ||     3
       Ring mail         |       |       |     9 ||     9
Dodge: Dodged            |    21 |    34 |    62 ||   117

Levels and vault maps discovered:
D:1:      pf_arrival_petrified_forest, layout_rooms, serial_glass,
          glass_columns_a, glass_columns_c, minmay_stone_trees_small
D:2:      layout_basic, serial_shops, nicolae_shop_crystal, shop, shop,
          nicolae_diamond_shop, minivault_5
D:3:      layout_basic, minmay_increasing_density
D:4:      layout_basic, nicolae_wormholes, uniq_grinder
D:5:      layout_loops_cross, nicolae_yredelemnul_ghost_church,
          tso_oasis_becter, minmay_temple_entry_stoned_glass, uniq_duvessa
D:6:      layout_loops_corners, serial_shops, shop, solitary_fountain,
          serial_bayou_crossing, uniq_eustachio

Notes
Turn   | Place    | Note
-------+----------+-------------------------------------------
     0 | D:1      | mortz the Human Conjurer began the quest for the Orb.
     0 | D:1      | Reached XP level 1. HP: 13/13 MP: 3/3
     0 | D:1      | magus.rc [v1.9.6]
    43 | D:1      | HP: 1/13 [kobold/+0 dagger (3)]
   335 | D:1      | Reached XP level 2. HP: 19/19 MP: 0/5
   341 | D:1      | Learned a level 2 spell: Searing Ray
   943 | D:1      | Reached XP level 3. HP: 21/24 MP: 1/6
  1602 | D:2      | Found Wereclua's Distillery.
  1607 | D:2      | Found Xualyovu's Weapon Shop.
  1650 | D:2      | Found Gidomoroi's Magic Scroll Boutique.
  1657 | D:2      | Reached XP level 4. HP: 30/30 MP: 4/7
  1706 | D:2      | Bought a scroll of identify for 22 gold pieces
  1711 | D:2      | Learned a level 3 spell: Dazzling Flash
  1859 | D:2      | Found Cuiplue Faci's Assorted Antiques.
  2705 | D:3      | Reached skill level 5 in Conjurations
  2705 | D:3      | Reached XP level 5. HP: 35/35 MP: 1/9
  2804 | D:3      | Reached skill level 1 in Short Blades
  3193 | D:2      | Bought a runed leather armour for 110 gold pieces
  3762 | D:4      | Reached skill level 3 in Stealth
  3840 | D:4      | Reached skill level 3 in Spellcasting
  3840 | D:4      | Reached XP level 6. HP: 42/42 MP: 4/10
  3921 | D:4      | Noticed a black bear
  4043 | D:4      | Noticed a necrophage
  4219 | D:4      | Killed a necrophage
  4364 | D:2      | Bought a potion of curing for 30 gold pieces
  4512 | D:4      | Killed a black bear
  4513 | D:4      | Reached XP level 7. HP: 47/47 MP: 4/12
  4662 | D:4      | Noticed Grinder
  4671 | D:4      | Killed Grinder
  4672 | D:4      | Reached skill level 1 in Long Blades
  4672 | D:4      | Reached skill level 1 in Armour
  4672 | D:4      | Reached skill level 3 in Dodging
  4672 | D:4      | Reached skill level 4 in Spellcasting
  4672 | D:4      | Reached skill level 6 in Conjurations
  5323 | D:4      | Reached XP level 8. HP: 53/53 MP: 8/14
  5608 | D:5      | Entered Level 5 of the Dungeon
  5618 | D:5      | Identified the +4 ring mail of Pessimism {Slay+3}
  5874 | D:5      | Reached skill level 1 in Fighting
  5938 | D:5      | Found a glowing golden altar of the Shining One.
  5941 | D:5      | Became a worshipper of the Shining One
  5970 | D:5      | Identified the +5 chain mail of Baldness {+Inv rN+ Regen+
                  | rCorr}
  6107 | D:5      | Noticed Duvessa
  6118 | D:5      | Killed Duvessa
  6119 | D:5      | Reached skill level 2 in Armour
  6120 | D:5      | Noticed Dowan
  6141 | D:5      | Killed Dowan
  6142 | D:5      | Reached skill level 4 in Stealth
  6393 | D:5      | Found a runed translucent gate.
  6393 | D:5      | Found a runed translucent gate.
  6393 | D:5      | Found a runed translucent gate.
  6393 | D:5      | Noticed hawla's ghost (novice DECj)
  6395 | D:5      | Found a basalt altar of Yredelemnul.
  6405 | D:5      | Reached skill level 5 in Spellcasting
  6505 | D:5      | Noticed a troll
  6515 | D:5      | Killed a troll
  6680 | D:5      | Found a staircase to the Ecumenical Temple.
  6926 | D:6      | Reached skill level 3 in Armour
  6926 | D:6      | Reached XP level 9. HP: 47/59 MP: 4/17
  7057 | D:6      | Noticed a two-headed ogre
  7073 | D:6      | HP: 5/59 [two-headed ogre/+0 giant spiked club (27)]
  7074 | D:6      | Mangled by a two-headed ogre

Vanquished Creatures
  Grinder (D:4)
  A troll (D:5)
  Duvessa (D:5)
  An ice beast (D:6)
  A black bear (D:4)
  A necrophage (D:4)
  A phantom (D:4)
  A kobold brigand (D:6)
  A scorpion (D:5)
  Dowan (D:5)
  A hound (D:4)
  2 iguanas
  A bullfrog skeleton (D:5)
  2 scorpion zombies (D:5)
  A gnoll (D:1)
  14 adders
  A shadow imp (D:5)
  2 ufetubi
  An adder skeleton (D:5)
  5 worms
  A dart slug (D:2)
  8 ball pythons
  A bat (D:2)
  5 endoplasms
  2 giant cockroaches (D:1)
  12 goblins
  9 hobgoblins
  13 jackals
  13 kobolds
  6 rats
110 creatures vanquished.

Table legend:
 A = Non-vault XP
 B = Vault XP
 C = Vault XP percentage of total XP
 D = Non-vault monster count
 E = Vault monster count
 F = Vault count percentage of total count
                 A         B        C        D         E       F
            +---------+---------+-------+---------+---------+-------
      Total |    1430 |     649 |  31.2 |      95 |      15 |  13.6
            +---------+---------+-------+---------+---------+-------
        D:1 |      49 |       0 |   0.0 |      21 |       0 |   0.0
        D:2 |      51 |       0 |   0.0 |      18 |       0 |   0.0
        D:3 |      73 |      46 |  38.7 |      18 |       6 |  25.0
        D:4 |     500 |     315 |  38.7 |      20 |       4 |  16.7
        D:5 |     497 |     288 |  36.7 |       9 |       5 |  35.7
        D:6 |     260 |       0 |   0.0 |       9 |       0 |   0.0
            +---------+---------+-------+---------+---------+-------

Illustrated notes

Table legend:
 A = Kills in this place as a percentage of kills in entire the game.
 B = Kills by you in this place as a percentage of kills by you in the entire game.
 C = Kills by friends in this place as a percentage of kills by friends in the entire game.
 D = Other kills in this place as a percentage of other kills in the entire game.
 E = Experience gained in this place as a percentage of experience gained in the entire game.
 F = Experience gained in this place divided by the number of levels of this place that you have seen.
                   A       B       C       D       E      F
               +-------+-------+-------+-------+-------+----------------------
         Total | 100.0 | 100.0 |   N/A |   N/A | 100.0 | 346.5
       Dungeon | 100.0 | 100.0 |   N/A |   N/A | 100.0 | 346.5
               +-------+-------+-------+-------+-------+----------------------

Table legend: (Time is in decaauts)
 A = Elapsed time spent in this place.
 B = Non-inter-level travel time spent in this place.
 C = Inter-level travel time spent in this place.
 D = Time resting spent in this place.
 E = Time spent auto-exploring this place.
 F = Levels seen in this place.
 G = Mean time per level.
                   A        B        C        D        E       F      G
               +--------+--------+--------+--------+--------+-----+--------+
         Total |   7092 |   6731 |    361 |   2754 |   2739 |   6 | 1182.0 |
       Dungeon |   7092 |   6731 |    361 |   2754 |   2739 |   6 | 1182.0 |
               +--------+--------+--------+--------+--------+-----+--------+

Top non-repeatable levels by time:
     D:3: 1670 daAuts
     D:4: 1491 daAuts
     D:5: 1308 daAuts
     D:1: 1280 daAuts
     D:2: 1196 daAuts
     D:6: 144 daAuts
